 Dungeon Crawl Stone Soup version 0.30-a0-170-g85af917532 (webtiles) character file.

Game seed: 9275428125096634867

140 Flugkiller the Chiller (level 5, -7/35 HPs)
             Began as a Mummy Ice Elementalist on Sept 30, 2022.
             Was an Initiate of Hepliaklqana.
             Mangled by a gnoll
             ... wielding a +0 halberd
              (12 damage)
             ... on level 4 of the Dungeon.
             The game lasted 00:04:10 (3109 turns).

Flugkiller the Chiller (Mummy Ice Elementalist)     Turns: 3109, Time: 00:04:11

Health: -7/35      AC:  5    Str: 12    XL:     5   Next: 2%
Magic:  3/11       EV: 12    Int: 16    God:    Hepliaklqana [......]
Gold:   178        SH:  0    Dex: 12    Spells: 5/12 levels left

rFire   x . .      SeeInvis .    k - +1 whip (venom)
rCold   + . .      Faith    +    (no shield)
rNeg    + + +      Spirit   .    a - +1 robe
rPois   ∞          Reflect  .    (no helmet)
rElec   .          Harm     .    l - +0 cloak
rCorr   .          Rampage  .    n - +0 pair of gloves
Will    .....                    (no boots)
Stlth   ++........               (no amulet)
HPRegen 0.11/turn                (no ring)
MPRegen 0.12/turn                (no ring)

@: very slightly contaminated
A: cold resistance 1, negative energy resistance 3, torment resistance 2, heat
vulnerability 1, in touch with death 1, no potions, faith
a: Renounce Religion


You were on level 4 of the Dungeon.
You worshipped Hepliaklqana.
Hepliaklqana was noncommittal.
You visited 1 branch of the dungeon, and saw 4 of its levels.

You collected 178 gold pieces.

Inventory:

Hand Weapons
 d - a +0 dagger
   (You took it off a goblin on level 1 of the Dungeon)
 g - a +4 whip
   (You found it on level 3 of the Dungeon)
 k - a +1 whip of venom (weapon)
   (You took it off a kobold on level 2 of the Dungeon)
Armour
 a - a +1 robe (worn)
 h - a +0 buckler
   (You found it on level 2 of the Dungeon)
 l - a +0 cloak (worn)
   (You found it on level 3 of the Dungeon)
 n - a +0 pair of gloves (worn)
   (You found it on level 3 of the Dungeon)
Magical Staves
 e - a staff of air
   (You found it on level 1 of the Dungeon)
Scrolls
 b - a scroll of enchant armour
 c - a scroll of vulnerability
 f - a scroll of noise {unknown}
 j - a scroll of blinking {unknown}
 m - a scroll of magic mapping {unknown}
 r - 2 scrolls of identify


   Skills:
 - Level 1.5 Dodging
 - Level 1.5 Stealth
 + Level 4.2 Spellcasting
 * Level 4.7 Ice Magic


You had 5 spell levels left.
You knew the following spells:

 Your Spells              Type           Power      Damage    Failure   Level
a - Freeze                Ice            72%        1d9       2%          1
b - Frozen Ramparts       Ice            36%        1d6       7%          3
c - Ozocubu's Armour      Ice            18%        N/A       7%          3

Your spell library contained the following spells:

 Spells                   Type           Power      Damage    Failure   Level
 Summon Ice Beast         Ice/Summ       10%        N/A       52%         4
 Conjure Ball Lightning   Conj/Air       1%         3x3d6     100%        6
 Discord                  Hex            1%         N/A       100%        8
 Disjunction              Tloc           1%         N/A       100%        8


Dungeon Overview and Level Annotations

Branches:
Dungeon (4/15) Zot: 20885
 Temple: D:4-7

Altars:
Dithmenos
Hepliaklqana
Okawaru
Qazlal
Ru
Yredelemnul

Annotations:
D:3 2 transporters, Sigmund; qtw55's ghost, amateur TeAE


Innate Abilities, Weirdness & Mutations

You are immune to poison.
Your flesh is cold resistant. (rC+)
You are immune to negative energy. (rN+++)
You are immune to unholy pain and torment.
You are vulnerable to heat. (rF-)
You are in touch with the powers of death.
You do not drink.
You have a special connection with the divine. (Faith)


Message History

You can't see any susceptible monsters within range! (Use Z to cast anyway.)
You start resting.
HP restored.
You now have 166 gold pieces (gained 6).
r - a scroll of identify
Found a stone staircase leading down.
Magic restored.
Found a stone staircase leading down.
Found a green potion and a fuming dark potion.
There is a stone staircase leading down here.
You see here a green potion.
You now have 178 gold pieces (gained 12).
Found a quarterstaff.
You see here a +0 quarterstaff.
r - 2 scrolls of identify (gained 1)
Found a stone staircase leading up.
There is a stone staircase leading up here.
An endoplasm comes into view.
An endoplasm is nearby!
An endoplasm is nearby!
The helpless endoplasm fails to defend itself.
You hit the endoplasm.
You kill the endoplasm!
No target in view!
No target in view!
You open the door.
Found a basalt altar of Yredelemnul.
There is an open door here.
There is an open door here.
You open the door.
Found a glowing golden altar of the Shining One.
There is an open door here.
The angel shouts!
There is an open door here.
A gnoll comes into view. It is wielding a +0 spear.
What are your orders? t - Shout!
Orders for allies: a - Attack new target. r - Retreat! s - Stop attacking. g - Guard the area. f - Follow me.
Anything else - Cancel.
You shout for attention!
You hear a shout! x4
A gnoll comes into view. It is wielding a +0 club.
A gnoll comes into view. It is wielding a +0 halberd.
Casting: Freeze (safe; 2% risk of failure)
Confirm with . or Enter, or press ? or * to list all spells.
The walls around you are covered in ice.
A gnoll comes into view. It is wielding a +0 flail.
The wall freezes the gnoll but does no damage.
The wall freezes the gnoll. x2; The gnoll barely misses you.
A goblin comes into view. It is wielding a +0 club.
The wall freezes the gnoll but does no damage.
The gnoll hits you from afar with a +0 halberd!
The wall freezes the gnoll.
The wall freezes the gnoll but does no damage.
The wall freezes the gnoll.
The gnoll completely misses you.
The wall freezes the gnoll.
The gnoll throws a throwing net.
The throwing net hits you.
You become entangled in the net!
The wall freezes the gnoll.
The frozen ramparts melt away.
The gnoll hits you from afar with a +0 halberd!
You struggle against the net.
The gnoll hits you from afar with a +0 halberd.
* * * LOW HITPOINT WARNING * * *
Unknown command.
You struggle against the net.
A kobold comes into view. It is wielding a +0 dagger.
The gnoll barely misses you.
Unknown command.
You shred the net and break free!
The kobold shouts!
The gnoll completely misses you.
Unknown command.
Casting: Frozen Ramparts (dangerous; 7% risk of failure)
Confirm with . or Enter, or press ? or * to list all spells.
You miscast Frozen Ramparts.
You are very lightly contaminated with residual magic.
Nothing appears to happen.
The goblin hits you but does no damage.
The gnoll hits you from afar with a +0 halberd.
* * * LOW HITPOINT WARNING * * *
Unknown command.
The goblin attacks as you move away! The goblin barely misses you.
Casting: Frozen Ramparts (dangerous; 7% risk of failure)
Confirm with . or Enter, or press ? or * to list all spells.
Aiming: Freeze (safe; 2% risk of failure)
Press: ? - help, Shift-Dir - straight line, f - goblin
Aim: a goblin, wielding a +0 club You freeze the goblin.
The goblin is heavily wounded.
The goblin barely misses you. The gnoll closely misses you.
The goblin attacks as you move away! The goblin hits you but does no damage.
Okay, then.
The goblin attacks as you move away! The goblin hits you with a +0 club.
* * * LOW HITPOINT WARNING * * *
Casting: Freeze (safe; 2% risk of failure)
Confirm with . or Enter, or press ? or * to list all spells.
You miscast Frozen Ramparts.
Nothing appears to happen.
The goblin completely misses you.
The gnoll hits you from afar with a +0 halberd!
You die...

############
#..........#
#.########.# #.#
#.# ######.# #.#
#......#
#@############...
##.#########
#.ggg.gK.........
#..........#
#########.######
#..#######.# #.#
#..# ###.#######
#.# #..#
#.......... #g#
#..# #.#########


#gg #... #.# ... #### ##.## #.. You could see 3 gnolls, a goblin and a kobold.

Vanquished Creatures
  A scorpion (D:4)
  An adder (D:2)
  4 dart slugs
  7 bats
  5 endoplasms
  2 giant cockroaches (D:2)
  4 goblins
  5 hobgoblins
  4 jackals (D:4)
  9 kobolds
  6 quokkas
  3 ball pythons
  3 rats (D:1)
54 creatures vanquished.

Vanquished Creatures (others)
  8 plants (D:2)
8 creatures vanquished.

Grand Total: 62 creatures vanquished

Notes
Turn   | Place    | Note
-------+----------+-------------------------------------------
     0 | D:1      | Flugkiller the Mummy Ice Elementalist began the quest for
                  | the Orb.
     0 | D:1      | Reached XP level 1. HP: 13/13 MP: 4/4
   315 | D:1      | Reached XP level 2. HP: 19/19 MP: 4/6
  1127 | D:2      | Gained mutation: You are in touch with the powers of death.
                  | [Mummy growth]
  1127 | D:2      | Reached XP level 3. HP: 18/24 MP: 1/7
  1426 | D:1      | Learned a level 3 spell: Frozen Ramparts
  2043 | D:3      | Found a sacrificial altar of Ru.
  2180 | D:3      | Found a hazy altar of Hepliaklqana.
  2184 | D:3      | Became a worshipper of Hepliaklqana the Forgotten
  2286 | D:3      | Found a shadowy altar of Dithmenos.
  2333 | D:3      | Reached XP level 4. HP: 29/30 MP: 7/9
  2344 | D:3      | Found a transporter.
  2346 | D:3      | Noticed qtw55's ghost (amateur TeAE)
  2351 | D:3      | Noticed Sigmund
  2544 | D:4      | Found a stormy altar of Qazlal.
  2562 | D:4      | Learned a level 3 spell: Ozocubu's Armour
  2589 | D:4      | Noticed an ogre
  2672 | D:3      | Found a transporter.
  2673 | D:3      | Noticed a necrophage
  2774 | D:3      | Found an iron altar of Okawaru.
  2784 | D:4      | Noticed a scorpion
  2795 | D:4      | Killed a scorpion
  2803 | D:4      | Reached XP level 5. HP: 29/35 MP: 1/11
  3022 | D:4      | Found a basalt altar of Yredelemnul.
  3024 | D:4      | Noticed a profane servitor
  3031 | D:4      | Noticed an angel
  3109 | D:4      | Mangled by a gnoll

Illustrated notes

Levels and vault maps discovered:
D:1:      dpeg_arrival_yet_another_circle, layout_basic, nrook_campfire
D:2:      layout_rooms, serial_bayou_lagoon_a
D:3:      layout_basic, lemuel_crystal_altar, lemuel_coloured_pillars_altar,
          kennysheep_okawaru_gauntlet, mainiacjoe_overflow_brackets,
          gammafunk_ghost_mausoleum, minmay_fountain_box, uniq_sigmund
D:4:      layout_loops_ring, grunt_temple_overflow_holy_war,
          nemelex_diamond_rough_becter, grunt_temple_overflow_open

Skill      XL: |  1  2  3  4 |
---------------+-------------+-----
Spellcasting   | 3 4 |  4.2
Ice Magic      | 4 |  4.7
Dodging        | |  1.5
Stealth        | |  1.5

Action                   |  1- 3 |  4- 6 || total
-------------------------+-------+-------++-------
Melee: Dagger            |    25 |       ||    25
       Unarmed           |     1 |       ||     1
       Whip              |     5 |     6 ||    11
 Cast: Freeze            |    69 |    10 ||    79
       Frozen Ramparts   |       |     2 ||     2
  Use: Scroll            |     3 |     1 ||     4
 Stab: Sleeping          |     2 |     1 ||     3
Armor: Robe              |    13 |     5 ||    18
Dodge: Dodged            |    57 |    16 ||    73

Table legend: (Time is in decaauts)
 A = Elapsed time spent in this place.
 B = Non-inter-level travel time spent in this place.
 C = Inter-level travel time spent in this place.
 D = Time resting spent in this place.
 E = Time spent auto-exploring this place.
 F = Levels seen in this place.
 G = Mean time per level.
                   A        B        C        D        E       F      G
               +--------+--------+--------+--------+--------+-----+--------+
         Total |   3113 |   3018 |     95 |    748 |   1575 |   4 |  778.2 |
       Dungeon |   3113 |   3018 |     95 |    748 |   1575 |   4 |  778.2 |
               +--------+--------+--------+--------+--------+-----+--------+

Top non-repeatable levels by time:
     D:1: 1292 daAuts
     D:2: 727 daAuts
     D:3: 703 daAuts
     D:4: 390 daAuts
